Map: Tours du crépuscule

Players

zidar - Winner!

  • Race: Zerg Zerg
  • League: Gold
  • Spawn Location: 7:00

Ronin

  • Race: Protoss Protoss
  • League: Silver
  • Spawn Location: 1:00

VOD

Have the link to the VOD?

Description

Time

  • Played on: May 14, 2016, 3:10 p.m.
  • Length: 12:22
Show
View Real Time Build Order
Export as new Build Order

zidar Zerg - Winner!

Build Orders: Hatch First, Brood Lord Corruptor 

Get SALT Encoding   

  12  0:01  Drone  
  13  0:13  Overlord  
  13  0:17  Drone  
  14  0:33  Drone x2  
  14  0:35  Drone  
  17  0:56  Hatchery  
  16  0:57  Drone  
  17  1:11  Spawning Pool  
  16  1:19  Drone x2  
  18  1:31  Extractor  
  17  1:42  Drone x2  
  17  1:43  Overlord  
  19  1:58  Queen  
  21  2:03  Drone  
  21  2:08  Drone  
  22  2:10  Queen  
  22  2:14  Zergling x2  
  25  2:27  Evolution Chamber  
  24  2:33  Metabolic Boost  
  24  2:40  Zergling x10  
  29  3:21  Hatchery  
  28  3:33  Lair  
  28  3:39  Drone x8  
  36  3:42  Overlord  
  32  4:41  Drone x11  
  32  4:45  Queen  
  45  4:56  Spire  
  45  4:57  Extractor  
  43  5:02  Drone  
  43  5:03  Drone  
  45  5:15  Hydralisk Den  
  45  5:19  Queen, Extractor  
  45  5:20  Extractor  
  44  5:22  Overlord x3  
  44  5:55  Drone x2  
  44  5:56  Drone x2  
  48  5:58  Drone  
  48  6:01  Drone x16  
  65  6:06  Overlord  
  65  6:16  Drone  
  66  6:25  Infestation Pit  
  66  6:28  Evolution Chamber, Zerg Melee Weapons Level 1  
  66  6:31  Muscular Augments  
  64  6:51  Extractor  
  63  6:54  Zerg Ground Armor Level 1  
  63  6:55  Extractor  
  62  7:02  Corruptor x3  
  62  7:03  Corruptor  
  70  7:14  Hive  
  70  7:28  Drone x6  
  76  7:35  Zergling x8  
  76  7:36  Zergling x4  
  82  7:38  Overlord  
  82  7:39  Overlord x3  
  82  7:40  Overlord  
  80  7:49  Zergling x4  
  82  8:09  Hydralisk x10  
  82  8:10  Hydralisk x5  
  112  8:22  Drone  
  112  8:25  Zerg Melee Weapons Level 2  
  113  8:28  Greater Spire  
  113  8:46  Overseer  
  110  9:10  Hatchery  
  109  9:27  Hydralisk  
  109  9:28  Hydralisk x2  
  115  9:43  Spawning Pool  
  114  9:52  Brood Lord  
  116  9:55  Overlord  
  116  9:56  Overlord x3  
  116  10:18  Brood Lord x2, Hatchery  
  116  10:19  Brood Lord  
  121  10:21  Corruptor  
  121  10:22  Corruptor x3  
  121  10:23  Corruptor x3  
  135  10:39  Lair  
  135  10:52  Zergling x28  
  149  11:03  Overlord  
  149  11:04  Overlord x4  
  149  11:11  Brood Lord  
  149  11:12  Brood Lord  
  153  11:35  Zergling x14  
Show
View Real Time Build Order
Export as new Build Order

Ronin Protoss 

Build Orders: Nexus First 

Get SALT Encoding   

  12  0:03  Probe (Chrono Boost)  
  14  0:14  Probe (Chrono Boost)  
  14  0:22  Pylon  
  14  0:25  Probe (Chrono Boost)  
  15  0:40  Probe (Chrono Boost)  
  16  0:51  Probe (Chrono Boost)  
  17  1:02  Nexus  
  17  1:11  Gateway  
  17  1:22  Forge  
  17  1:35  Probe (Chrono Boost)  
  18  1:46  Probe (Chrono Boost)  
  19  2:02  Photon Cannon  
  19  2:04  Photon Cannon  
  19  2:11  Pylon  
  19  2:15  Cybernetics Core  
  19  2:19  Probe (Chrono Boost)  
  19  2:21  Assimilator x2  
  21  2:30  Probe (Chrono Boost)  
  21  2:31  Probe (Chrono Boost)  
  22  2:42  Probe (Chrono Boost)  
  23  2:46  Probe (Chrono Boost)  
  24  2:52  Probe (Chrono Boost)  
  24  2:55  Adept  
  24  2:57  Probe (Chrono Boost)  
  28  3:01  Probe (Chrono Boost)  
  28  3:03  Warp Gate (Chrono Boost)  
  29  3:08  Probe  
  29  3:11  Probe  
  30  3:13  Assimilator  
  30  3:14  Assimilator  
  30  3:21  Probe  
  30  3:22  Probe  
  32  3:33  Probe x2  
  33  3:35  Adept  
  36  3:45  Probe  
  36  3:46  Gateway  
  37  3:51  Protoss Ground Weapons Level 1 (Chrono Boost), Pylon  
  37  3:57  Mothership Core  
  37  3:59  Probe  
  40  4:09  Probe  
  36  4:18  Probe  
  36  4:20  Probe  
  36  4:30  Probe x2  
  37  4:44  Gateway  
  37  4:46  Gateway  
  37  4:48  Pylon  
  38  5:00  Probe  
  38  5:09  Probe  
  38  5:12  Probe  
  40  5:15  Pylon  
  40  5:19  Probe  
  41  5:21  Adept  
  41  5:22  Adept  
  41  5:24  Probe  
  46  5:30  Probe  
  46  5:33  Twilight Council  
  47  5:38  Protoss Shields Level 1 (Chrono Boost)  
  47  5:40  Probe  
  47  5:41  Probe  
  49  5:51  Probe  
  49  5:53  Probe  
  49  5:55  Robotics Facility  
  51  6:02  Probe  
  51  6:04  Resonating Glaives  
  51  6:05  Probe  
  51  6:10  Photon Cannon  
  53  6:13  Adept, Probe  
  53  6:16  Adept  
  53  6:18  Probe  
  59  6:26  Probe  
  59  6:27  Photon Cannon  
  59  6:30  Probe  
  61  6:36  Dark Shrine  
  61  6:37  Probe  
  62  6:44  Observer (Chrono Boost)  
  63  6:57  Gateway  
  63  7:01  Gateway  
  63  7:02  Gateway  
  63  7:03  Pylon  
  63  7:05  Pylon  
  65  7:09  Gateway, Warp Prism (Chrono Boost)  
  65  7:23  Pylon  
  65  7:25  Pylon  
  65  7:50  Protoss Ground Weapons Level 2 (Chrono Boost)  
  65  8:05  Photon Cannon  
  65  8:09  Pylon  
  65  8:31  Dark Templar x4  
  65  8:32  Dark Templar x4  
  63  9:07  Stalker x3  
  63  9:08  Stalker x5  
  79  9:15  Blink (Chrono Boost)  
  79  9:35  Stalker  
  79  9:36  Stalker x4  
  79  9:37  Stalker x2  
  93  9:44  Nexus  
  93  9:47  Pylon  
  93  9:49  Pylon  
  93  9:53  Pylon  
  93  9:57  Gateway, Assimilator  
  93  9:59  Warp Prism (Chrono Boost)  
  95  10:02  Gateway, Assimilator  
  95  10:05  Pylon  
  95  10:07  Pylon  
  95  10:32  Forge  
  95  10:34  Immortal (Chrono Boost)  
  95  10:35  Pylon  
  99  10:37  Pylon  
  99  10:57  Probe  
  99  11:02  Stalker x4  
  108  11:08  Probe  
  113  11:11  Immortal (Chrono Boost)  
  112  11:18  Probe  
  113  11:29  Probe, Gateway x2  
  114  11:33  Gateway  
  114  11:39  Probe, Dark Templar x3  
  120  11:41  Zealot  
  120  11:42  Zealot  
Tags
 
Add a new tag
Caveats
  • Supply blocks, unpowered buildings, or Contaminate may cause inaccurate times.
  • Supply counts are checked every 10 seconds.